 Dungeon Crawl Stone Soup version 0.30-a0-34-gbe8da3892a (webtiles) character file.

Game seed: 5237583813398948994

20921 pokeman the Eclecticist (level 12, -11/66 HPs)
             Began as a Deep Elf Hedge Wizard on Aug 27, 2022.
             Was an Elder of Vehumet.
             Killed from afar by a tengu reaver (49 damage)
             ... with a bolt of lightning
             ... on level 13 of the Dungeon.
             The game lasted 00:45:54 (17291 turns).

pokeman the Eclecticist (Deep Elf Hedge Wizard)    Turns: 17291, Time: 00:45:54

Health: -11/66     AC:  8    Str:  7    XL:     12   Next: 49%
Magic:  38/44      EV: 11    Int: 25    God:    Vehumet [****..]
Gold:   591        SH: 10    Dex: 14    Spells: 14/45 levels left

rFire   + + +      SeeInvis .    p - +6 mace of the Eternal Void {freeze, rF++ Will- rCorr}
rCold   + . .      Faith    .    j - +0 buckler
rNeg    . . .      Spirit   .    f - +2 leather armour {rF+}
rPois   .          Reflect  +    x - +0 helmet
rElec   .          Harm     .    M - scarf {rC+ rF+}
rCorr   +          Rampage  .    J - +1 pair of gloves {infuse}
Will    .....                    (no boots)
Stlth   ++........               n - amulet of reflection
HPRegen 0.21/turn                a - ring of wizardry
MPRegen 0.29/turn                W - ring of magical power

@: no status effects
A: no striking features
a: Renounce Religion


You were on level 13 of the Dungeon.
You worshipped Vehumet.
Vehumet was greatly pleased with you.
You visited 2 branches of the dungeon, and saw 14 of its levels.

You collected 983 gold pieces.
You spent 392 gold pieces at shops.

Inventory:

Hand Weapons
 p - the +6 mace of the Eternal Void (weapon) {freeze, rF++ Will- rCorr}
   (You found it on level 2 of the Dungeon)

   It freezes those it strikes, dealing additional cold damage.
   It can also slow down cold-blooded creatures.
   rF:        It greatly protects you from fire.
   rCorr:     It protects you from acid and corrosion.
   Will:      It decreases your willpower.
 U - the +7 shortbow "Plog" {vorpal, Contam Str+4 Stlth+}
   (You found it on level 11 of the Dungeon)

   Any ammunition fired from it inflicts extra damage upon your enemies.
   Str:       It affects your strength (+4).
   Contam:    It causes magical contamination when unequipped.
   Stlth:     It makes you more stealthy.
Armour
 f - a +2 leather armour of fire resistance (worn)
 j - a +0 buckler (worn)
 x - a +0 helmet (worn)
 J - a +1 pair of gloves of infusion (worn)
 M - a scarf of resistance (worn)
Jewellery
 a - a ring of wizardry (left hand)
 l - a ring of protection from cold
 n - an amulet of reflection (around neck)
 E - a ring of protection from cold
 W - a ring of magical power (right hand)
Wands
 P - a wand of mindburst (3)
Scrolls
 r - 5 scrolls of magic mapping
 t - 4 scrolls of teleportation
 u - 3 scrolls of blinking
Potions
 d - 4 potions of magic
 e - 9 potions of curing
 A - 5 potions of haste
 B - 3 potions of heal wounds
 V - a potion of lignification
Miscellaneous
 R - a tin of tremorstones (2/2)
 T - a condenser vane


   Skills:
 - Level 4.0 Fighting
 + Level 3.9 Armour
 - Level 3.1 Dodging
 - Level 3.1 Stealth
 - Level 5.0 Shields
 * Level 17.4 Spellcasting
 + Level 10.4 Conjurations
 + Level 6.5 Summonings
 - Level 6.0 Necromancy
 - Level 1.1 Translocations
 - Level 4.0 Fire Magic
 - Level 1.0 Ice Magic
 - Level 2.0 Air Magic
 - Level 1.0 Poison Magic
 - Level 1.0 Evocations


You had 14 spell levels left.
You knew the following spells:

 Your Spells              Type           Power      Damage    Failure   Level
a - Magic Dart            Conj           100%       1d8       1%          1
b - Mephitic Cloud        Conj/Pois/Air  44%        N/A       1%          3
c - Call Imp              Summ           53%        N/A       1%          2
d - Blink                 Tloc           54%        N/A       1%          2
e - Conjure Flame         Conj/Fire      55%        6-21      1%          3
f - Shock                 Conj/Air       100%       1d9       1%          1
g - Flame Wave            Conj/Fire      55%        2d13      1%          4
h - Freezing Cloud        Conj/Ice/Air   22%        6-21      2%          5
i - Haunt                 Necr/Summ      26%        N/A       69%         7
j - Swiftness             Air            31%        N/A       2%          3

Your spell library contained the following spells:

 Spells                   Type           Power      Damage    Failure   Level
 Spellforged Servitor     Conj/Summ      29%        N/A       12%         7
 Apportation              Tloc           54%        N/A       1%          1
 Necrotise                Necr           100%       1d9       1%          1
 Slow                     Hex            84%        N/A       1%          1
 Summon Small Mammal      Summ           100%       N/A       1%          1
 Searing Ray              Conj           100%       2d8       1%          2
 Sublimation of Blood     Necr           51%        N/A       1%          2
 Ignite Poison            Fire/Tmut/Pois 30%        N/A       1%          3
 Animate Dead             Necr           51%        N/A       1%          4
 Fulminant Prism          Conj/Hex       23%        3d13      1%          4
 Irradiate                Conj/Tmut      23%        3d19      1%          5
 Airstrike                Air            15%        2d(3-19)  2%          4
 Lesser Beckoning         Tloc           27%        N/A       3%          3
 Petrify                  Tmut/Erth      21%        N/A       16%         4
 Manifold Assault         Tloc           27%        N/A       28%         5
 Infestation              Necr           25%        N/A       100%        8


Dungeon Overview and Level Annotations

Branches:
Dungeon (13/15)            Temple (1/1) D:7            Lair (0/5) D:10
    Orc (0/2) D:9
 Vaults: D:13-14

Altars:
Cheibriados
Dithmenos
Gozag
Makhleb
Nemelex Xobeh
Okawaru
Sif Muna
Trog
Uskayaw
Vehumet
Wu Jian
Xom
Yredelemnul

Shops:
D:3 (??   D:5 (   D:6 ((*=   D:9 :

Annotations:
D:8 Loot behind glass


Message History

Aiming: Mephitic Cloud (safe; 1% risk of failure)
Press: ? - help, Shift-Dir - straight line, p - boulder beetle The ball explodes into a vile cloud!
The stinking cloud engulfs the boulder beetle but does no damage.
The boulder beetle is almost dead.
The boulder beetle is engulfed in noxious fumes.
The boulder beetle is engulfed in freezing vapours.
You kill the boulder beetle!
Vehumet accepts your kill.
You start resting.
You start resting.
HP restored.
You start resting.
Magic restored.
There is an open door here.
There is an open door here.
A tengu reaver comes into view.
It is wielding a +1 great sword of protection and wearing a +3 ring mail of poison resistance.
The tengu reaver shouts!
You hear two shouts!
Casting: Mephitic Cloud (safe; 1% risk of failure)
Confirm with . or Enter, or press ? or * to list all spells.
Aiming: Freezing Cloud (dangerous; 2% risk of failure)
Press: ? - help, Dir - move target The tengu reaver is engulfed in freezing vapours.
The tengu reaver is engulfed in freezing vapours.
The tengu reaver points at you and mumbles some strange words.
The bolt of lightning hits you!!
The tengu reaver is engulfed in freezing vapours.
Casting: Freezing Cloud (dangerous; 2% risk of failure)
Confirm with . or Enter, or press ? or * to list all spells.
A beastly little devil appears in a puff of flame.
The tengu reaver is engulfed in freezing vapours.
Unknown command.
Casting: Call Imp (safe; 1% risk of failure)
Confirm with . or Enter, or press ? or * to list all spells.
You can't see any susceptible monsters within range! (Use Z to cast anyway.)
The tengu reaver is engulfed in freezing vapours.
The tengu reaver casts a spell at you. The bolt of lightning hits you!!!
Ouch! That really hurt!
You die...

###.......'.........+........
#.........#.........####.....
#.###.###.##.......## ##.#..
#.##.#.##.###.....## ####.
#.#.###.#.####...## #. #..##
##..##.##### ##########
#.#.###.#.##.#...♣♣#...†.....
#)...#....##.#...§♣♣♣..♣♣♣♣.♣
#####.#####.@....Q§§.♣..♣♣
#.# #..#5.§§♣♣♣♣♣..♣♣
##.#####..#...♣♣ ♣♣..♣
#.#.......##### ###♣
##.######.# ### #.# #.# ###


You could see a tengu reaver (ally target) and a friendly crimson imp
(summoned).

Vanquished Creatures
  Harold (D:9)
  A hydra (D:13)
  2 boulder beetles (D:13)
  2 two-headed ogres (D:10)
  Lodul (D:12)
  3 cyclopes
  An ugly thing (D:11)
  A manticore (D:13)
  Joseph (D:10)
  A gargoyle (D:10)
  A smoke demon (D:12)
  7 unseen horrors
  A komodo dragon (D:10)
  A hornet (D:8)
  5 slime creatures (D:12)
  A wraith (D:9)
  A water elemental (D:11)
  A vampire (D:10)
  A human (shapeshifter) (D:13)
  16 vampire mosquitoes
  A wyvern (D:9)
  23 yaks
  A water moccasin (D:5)
  2 ice beasts
  An orc warrior (D:8)
  A black bear (D:6)
  9 ogres
  2 centaurs
  2 phantoms
  5 bullfrogs
  4 kobold brigands
  2 gnoll sergeants
  5 scorpions
  17 wights
  3 killer bees (D:10)
  7 howler monkeys
  7 electric eels (D:11)
  2 orc priests
  A hound (D:6)
  2 jellies
  2 iguanas
  2 orc wizards (D:8)
  2 hell rats (D:7)
  Robin (D:4)
  7 gnolls
  5 adders
  8 river rats (D:7)
  A shadow imp (D:8)
  A white imp (D:5)
  3 worms
  A dart slug (D:1)
  16 orcs
  7 bats
  6 endoplasms
  14 hobgoblins
  6 jackals
  8 quokkas
  3 training dummies (D:5)
  6 ball pythons
  2 frilled lizards
  13 goblins
  25 kobolds
  20 rats
305 creatures vanquished.

Vanquished Creatures (collateral kills)
  A wight (D:6)
1 creature vanquished.

Vanquished Creatures (others)
  71 plants
71 creatures vanquished.

Grand Total: 377 creatures vanquished

Notes
Turn   | Place    | Note
-------+----------+-------------------------------------------
     0 | D:1      | pokeman the Deep Elf Hedge Wizard began the quest for the
                  | Orb.
     0 | D:1      | Reached XP level 1. HP: 10/10 MP: 7/7
   258 | D:1      | Reached XP level 2. HP: 16/16 MP: 6/9
   708 | D:1      | Reached skill level 5 in Spellcasting
   952 | D:1      | Reached XP level 3. HP: 20/20 MP: 5/11
   956 | D:1      | Learned a level 3 spell: Mephitic Cloud
   959 | D:1      | Learned a level 2 spell: Call Imp
   962 | D:1      | Learned a level 2 spell: Blink
   966 | D:1      | Learned a level 3 spell: Conjure Flame
  1052 | D:1      | Found a faded altar of an unknown god.
  1512 | D:2      | Reached skill level 1 in Armour
  1731 | D:2      | You fall into a shaft and drop 2 floors!
  1759 | D:4      | Reached skill level 1 in Fighting
  2080 | D:3      | Found Xaanedack's Weapon Shop.
  2263 | D:2      | Reached XP level 4. HP: 19/25 MP: 6/13
  2810 | D:2      | Learned a level 1 spell: Shock
  2969 | D:2      | Identified the +6 mace of the Eternal Void {freeze, rF++
                  | Will- rCorr}
  3095 | D:3      | Found Hahed's Weapon Shoppe.
  3234 | D:3      | Found Ruorchura's Magic Scroll Boutique.
  3242 | D:3      | Bought a scroll of magic mapping for 75 gold pieces
  3249 | D:3      | Found Dunehali's Magic Scroll Boutique.
  3554 | D:3      | Found a burning altar of Makhleb.
  3554 | D:3      | Found a radiant altar of Vehumet.
  3563 | D:3      | Found an iron altar of Okawaru.
  3567 | D:3      | Became a worshipper of Vehumet
  3571 | D:3      | Found an ornate altar of the Wu Jian Council.
  3573 | D:3      | Found a faded altar of an unknown god.
  3613 | D:3      | Found a sparkling altar of Nemelex Xobeh.
  3924 | D:4      | Noticed a scorpion
  3944 | D:4      | Killed a scorpion
  3945 | D:4      | Reached skill level 1 in Shields
  3945 | D:4      | Reached skill level 6 in Spellcasting
  3945 | D:4      | Reached XP level 5. HP: 29/29 MP: 3/15
  4180 | D:4      | Noticed Robin
  4197 | D:4      | Killed Robin
  4533 | D:4      | Reached * piety under Vehumet
  4533 | D:4      | Offered knowledge of Sandblast by Vehumet.
  4846 | D:4      | Learned a level 5 spell: Freezing Cloud
  5002 | D:5      | Entered Level 5 of the Dungeon
  5055 | D:5      | Noticed a phantom
  5081 | D:5      | Killed a phantom
  5082 | D:5      | Reached skill level 1 in Fire Magic
  5082 | D:5      | Reached XP level 6. HP: 18/34 MP: 1/17
  5257 | D:5      | Noticed a water moccasin
  5268 | D:5      | Killed a water moccasin
  5269 | D:5      | Reached skill level 7 in Spellcasting
  5269 | D:5      | Reached skill level 1 in Ice Magic
  5269 | D:5      | Reached skill level 1 in Poison Magic
  5409 | D:5      | Found Ziqacvo's Firing Range.
  5550 | D:5      | Reached XP level 7. HP: 38/38 MP: 8/20
  5671 | D:5      | Reached skill level 1 in Air Magic
  5677 | D:5      | Reached skill level 8 in Spellcasting
  5775 | D:5      | Learned a level 3 spell: Swiftness
  5903 | D:6      | Reached XP level 8. HP: 44/44 MP: 17/22
  5910 | D:6      | Reached skill level 9 in Spellcasting
  6354 | D:6      | Found Ritsas's Assorted Antiques.
  6365 | D:6      | Found Leepperu's Antique Weapon Boutique.
  6511 | D:6      | Found Sadeod's Jewellery Shop.
  6943 | D:6      | Reached skill level 5 in Conjurations
  6952 | D:6      | Offered knowledge of Foxfire by Vehumet.
  6958 | D:6      | Reached ** piety under Vehumet
  6959 | D:6      | Reached skill level 10 in Spellcasting
  7107 | D:6      | Found Todos's Antique Weapon Emporium.
  7181 | D:7      | Found a staircase to the Ecumenical Temple.
  7782 | D:7      | Learned a level 7 spell: Haunt
  8041 | D:7      | Reached XP level 9. HP: 48/48 MP: 20/25
  8089 | D:7      | Reached skill level 1 in Evocations
  8421 | D:7      | Reached skill level 11 in Spellcasting
  8421 | D:7      | Reached skill level 1 in Necromancy
  8528 | D:7      | Offered knowledge of Poisonous Vapours by Vehumet.
  8553 | D:7      | Reached *** piety under Vehumet
  8846 | Temple   | Entered the Ecumenical Temple
  8938 | D:8      | Found an opulent altar of Gozag.
  8983 | D:8      | Offered knowledge of Flame Wave by Vehumet.
  9197 | D:8      | Found a shimmering altar of Xom.
  9338 | D:8      | Learned a level 4 spell: Flame Wave
  9610 | D:8      | Reached skill level 12 in Spellcasting
  9780 | D:9      | Reached **** piety under Vehumet
  9781 | D:9      | Reached XP level 10. HP: 42/53 MP: 18/28
 10025 | D:9      | Found Maigin's Book Shoppe.
 10059 | D:9      | Noticed Harold
 10071 | D:9      | Reached skill level 13 in Spellcasting
 10076 | D:9      | Killed Harold
 10076 | D:9      | Offered knowledge of Iskenderun's Mystic Blast by Vehumet.
 10593 | D:9      | Found a staircase to the Orcish Mines.
 10842 | D:9      | Reached skill level 14 in Spellcasting
 11068 | D:3      | Bought a scroll of identify for 20 gold pieces
 11068 | D:3      | Bought a scroll of identify for 20 gold pieces
 11068 | D:3      | Bought a scroll of magic mapping for 75 gold pieces
 11068 | D:3      | Bought a scroll of identify for 20 gold pieces
 11068 | D:3      | Bought a scroll of identify for 20 gold pieces
 11076 | D:3      | Bought a scroll of identify for 24 gold pieces
 11076 | D:3      | Bought a scroll of identify for 24 gold pieces
 11076 | D:3      | Bought a scroll of magic mapping for 90 gold pieces
 11076 | D:3      | Bought a scroll of identify for 24 gold pieces
 11175 | D:10     | Entered Level 10 of the Dungeon
 11225 | D:10     | Noticed Joseph
 11231 | D:10     | Killed Joseph
 11232 | D:10     | Reached skill level 5 in Summonings
 11368 | D:10     | Noticed a two-headed ogre
 11373 | D:10     | Killed a two-headed ogre
 11374 | D:10     | Reached XP level 11. HP: 53/61 MP: 22/31
 11791 | D:10     | Noticed a two-headed ogre
 11796 | D:10     | Killed a two-headed ogre
 11986 | D:10     | Reached skill level 15 in Spellcasting
 12098 | D:10     | Found a staircase to the Lair.
 12618 | D:11     | Reached skill level 5 in Necromancy
 12814 | D:11     | Noticed a +0 short sword
 12814 | D:11     | Noticed a +0 falchion
 12815 | D:11     | Noticed a +0 spear
 12816 | D:11     | Noticed a +0 short sword
 12816 | D:11     | Noticed a +0 spear
 12816 | D:11     | Noticed a +0 dagger
 12817 | D:11     | Noticed a +0 dagger
 12817 | D:11     | Noticed a +0 falchion
 12825 | D:11     | Found a hide-covered altar of Uskayaw.
 13040 | D:11     | Noticed a red ugly thing
 13045 | D:11     | Killed a red ugly thing
 13615 | D:11     | Identified the +7 shortbow "Plog" {vorpal, Contam Str+4
                  | Stlth+}
 13977 | D:12     | Reached skill level 16 in Spellcasting
 13977 | D:12     | Reached ***** piety under Vehumet
 13977 | D:12     | Offered knowledge of Spellforged Servitor by Vehumet.
 13978 | D:12     | Noticed Lodul
 13985 | D:12     | Killed Lodul
 14245 | D:12     | Found a burning altar of Makhleb.
 14535 | D:12     | Reached XP level 12. HP: 39/66 MP: 32/34
 15069 | D:12     | Reached skill level 5 in Shields
 16010 | D:13     | Reached skill level 10 in Conjurations
 16136 | D:13     | Reached skill level 17 in Spellcasting
 16358 | D:13     | Noticed a four-headed hydra
 16362 | D:13     | Killed a four-headed hydra
 16458 | D:13     | Noticed a boulder beetle
 16579 | D:13     | Killed a boulder beetle
 16864 | D:13     | Noticed a boulder beetle
 17110 | D:13     | Killed a boulder beetle
 17286 | D:13     | Noticed a tengu reaver
 17291 | D:13     | Killed from afar by a tengu reaver

Illustrated notes

Levels and vault maps discovered:
D:1:      lemuel_arrival_rhombus, layout_rooms, basic_ecumenical_altar,
          nicolae_figureground_pulse
D:2:      layout_basic, kennysheep_generic_room_9
D:3:      layout_rooms, chequers_temple_overflow_minitemple,
          nemelex_altar_shiori, serial_shops, shop, nicolae_shop_stone, shop,
          nicolae_shop_advertising_works [nicolae_subvault_shop_adworks],
          serial_corexii_hall, corexii_hall_statues_l, corexii_hall_statues_x,
          hangedman_decor_push
D:4:      layout_loops_ring, kennysheep_generic_room_11, uniq_robin
D:5:      layout_gridville, nicolae_shop_firing_range
D:6:      layout_loops_corners, serial_shops, shop, shop, kennysheep_little_box,
          nicolae_shop_behind_doors, skrybe_limestone_x
D:7:      lemuel_ratsnest, layout_gridville, minmay_temple_entry_offerings
D:8:      layout_gridville, xom_teletrap_fun, nicolae_gozag_seed_capital,
          due_unseen_surprise
D:9:      layout_long_grid, orc_0_dummy, nicolae_stop_n_shop_2, uniq_harold
D:10:     layout_cave_pools, david_lair_shrubbed, uniq_joseph
D:11:     layout_small_grid, serial_bayou, serial_bayou_pond_a,
          serial_bayou_lake_a, serial_bayou_pond_e, serial_bayou_lagoon_a,
          kennysheep_flooded_box, kennysheep_path_1, nicolae_uskayaw_en_pointe
D:12:     layout_stronghold, demons_altar, uniq_lodul
D:13:     nzn_winding_woodlands_large [nzn_winding_woodlands_5x5_closed_star,
          nzn_winding_woodlands_5x15_cabin, nzn_winding_woodlands_5x5_three,
          nzn_winding_woodlands_center_diamonds,
          nzn_winding_woodlands_15x15_boxy_spiral,
          nzn_winding_woodlands_center_garden,
          nzn_winding_woodlands_5x5_default, nzn_winding_woodlands_5x15_pockets,
          nzn_winding_woodlands_hourglass], layout_loops_corners, erik_vaults_2
Temple:   hellmonk_temple_of_storms

Skill      XL: |  1  2  3  4  5  6  7  8  9 10 11 12 |
---------------+-------------------------------------+-----
Spellcasting   | 5 6 7 8 10 12 14 16 17 | 17.4
Armour         | 1 2 3 |  3.9
Fighting       | 1 2 4 |  4.0
Conjurations   | 2 3 4 5 7 8 9 10 | 10.4
Dodging        | 3 |  3.1
Shields        | 1 2 3 4 5 |  5.0
Stealth        | 3 |  3.1
Fire Magic     | 1 2 3 4 |  4.0
Ice Magic      | 1 |  1.0
Poison Magic   | 1 |  1.0
Air Magic      | 2 |  2.0
Evocations     | 1 |  1.0
Necromancy     | 3 6 |  6.0
Summonings     | 2 5 6 |  6.5
Translocations | |  1.1

Action                   |  1- 3 |  4- 6 |  7- 9 | 10-12 || total
-------------------------+-------+-------+-------+-------++-------
Melee: Dagger            |     9 |       |       |       ||     9
       Mace              |       |    31 |    75 |    34 ||   140
       Punch             |       |       |     1 |       ||     1
 Fire: Sling             |       |       |    26 |       ||    26
 Cast: Magic Dart        |   110 |   130 |   175 |    15 ||   430
       Conjure Flame     |       |     5 |    22 |     4 ||    31
       Shock             |       |     2 |    68 |    34 ||   104
       Mephitic Cloud    |       |     6 |    15 |    19 ||    40
       Blink             |       |       |     9 |     1 ||    10
       Call Imp          |       |       |     3 |     2 ||     5
       Freezing Cloud    |       |       |     6 |    88 ||    94
       Flame Wave        |       |       |       |     8 ||     8
  Use: Scroll            |       |       |       |    23 ||    23
 Stab: Confused          |       |     2 |     6 |       ||     8
Armor: Leather armour    |     6 |    11 |    31 |    19 ||    67
Dodge: Dodged            |    17 |    34 |    64 |    23 ||   138
Block: Other             |       |    12 |    25 |    12 ||    49
       Reflection        |       |     2 |     4 |     3 ||     9
       Buckler           |       |       |       |    11 ||    11

Table legend: (Time is in decaauts)
 A = Elapsed time spent in this place.
 B = Non-inter-level travel time spent in this place.
 C = Inter-level travel time spent in this place.
 D = Time resting spent in this place.
 E = Time spent auto-exploring this place.
 F = Levels seen in this place.
 G = Mean time per level.
                   A        B        C        D        E       F      G
               +--------+--------+--------+--------+--------+-----+--------+
         Total |  17391 |  16745 |    646 |   1534 |  12942 |  14 | 1242.2 |
       Dungeon |  17352 |  16710 |    642 |   1534 |  12942 |  13 | 1334.8 |
        Temple |     38 |     35 |      3 |      0 |      0 |   1 |   38.0 |
               +--------+--------+--------+--------+--------+-----+--------+

Top non-repeatable levels by time:
     D:6: 1895 daAuts
    D:12: 1817 daAuts
    D:11: 1547 daAuts
    D:13: 1484 daAuts
     D:2: 1467 daAuts
     D:9: 1452 daAuts
     D:7: 1343 daAuts
     D:4: 1271 daAuts
     D:1: 1247 daAuts
     D:3: 1110 daAuts
    D:10: 984 daAuts
     D:8: 929 daAuts
     D:5: 801 daAuts
  Temple: 38 daAuts
